 Dungeon Crawl Stone Soup version 0.29.1-12-g30fa7ad0bf (webtiles) character file.

Game seed: 17990811999111370707

3298 growler the Fighter (level 10, -2/86 HPs)
             Began as a Formicid Fighter on Dec 23, 2022.
             Was a Follower of Cheibriados.
             Killed by divine providence
             ... invoked by an orc priest
              (12 damage)
             ... on level 9 of the Dungeon.
             The game lasted 00:21:28 (10274 turns).

growler the Fighter (Formicid Fighter)             Turns: 10274, Time: 00:21:29

Health: -2/86      AC: 11    Str: 26    XL:     10   Next: 20%
Magic:  13/13      EV:  9    Int: 14    God:    Cheibriados [*.....]
Gold:   290        SH:  8    Dex: 15    Spells: 9/9 levels left

rFire   . . .      SeeInvis +   n - +0 lajatang
rCold   . . .      Faith    .   G - +3 buckler of Makhleb's Condemnation {rN+ Str+3}
rNeg    + . .      Spirit   .   B - +0 scale mail {rPois}
rPois   +          Reflect  .   (helmet unavailable)
rElec   .          Harm     .   d - +0 cloak
rCorr   .          Rampage  .   y - +2 pair of gloves {hurl}
Will    +....                   (no boots)
Stlth   ..........              (no amulet)
HPRegen 0.24/turn               (no ring)
MPRegen 0.13/turn               (no ring)

@: very slow
A: permanent stasis, dig shafts and tunnels, antennae 3, four strong arms
a: Dig, Shaft Self, Renounce Religion, Bend Time


You were on level 9 of the Dungeon.
You worshipped Cheibriados.
Cheibriados was aware of your devotion.
You visited 2 branches of the dungeon, and saw 10 of its levels.

You collected 290 gold pieces.

Inventory:

Hand Weapons
 a - a +0 trident
 n - a +0 lajatang (weapon)
 F - the +7 sling of Causality {freeze, rElec Will+ Dex+3}
   (You found it on level 9 of the Dungeon)

   Any ammunition fired from it freezes those it strikes, dealing additional
   cold damage.
   It can also slow down cold-blooded creatures.
   Dex:       It affects your dexterity (+3).
   rElec:     It insulates you from electricity.
   Will:      It increases your willpower.
Missiles
 i - 6 poisoned darts (quivered)
Armour
 b - a +0 scale mail
 c - a +0 buckler
 d - a +0 cloak (worn)
 y - a +2 pair of gloves of hurling (worn)
 B - a +0 scale mail of poison resistance (worn)
 G - the +3 buckler of Makhleb's Condemnation (worn) {rN+ Str+3}
   (You found it on level 9 of the Dungeon)

   Str:       It affects your strength (+3).
   rN:        It protects you from negative energy.
Jewellery
 p - a +4 ring of evasion
 v - a ring of flight
Wands
 z - a wand of acid (12)
 C - a wand of iceblast (8)
 D - a wand of digging (6)
Scrolls
 e - a scroll of poison {unknown}
 f - a scroll of enchant weapon {unknown}
 l - 7 scrolls of teleportation
 q - a scroll of blinking {unknown}
 s - a scroll of vulnerability {unknown}
 t - 2 scrolls of magic mapping {unknown}
 u - a scroll of amnesia {unknown}
 w - 4 scrolls of identify
 x - a scroll of immolation {unknown}
Potions
 g - 2 potions of lignification
 h - 3 potions of brilliance
 j - 5 potions of curing
 k - a potion of heal wounds
 m - a potion of berserk rage
 o - 2 potions of haste
 r - 3 potions of flight
 A - a potion of attraction {unknown}
 E - 2 potions of mutation {unknown}


   Skills:
 + Level 10.7 Fighting
 - Level 7.6(8.4) Polearms
 + Level 5.5(7.4) Staves
 - Level 3.3 Armour
 - Level 4.0 Shields
 + Level 4.6 Invocations


You had 9 spell levels left.
You didn't know any spells.
Your spell library contained the following spells:

 Spells                   Type           Power      Damage    Failure   Level
 Poisonous Vapours        Pois/Air       0%         N/A       77%         2
 Call Canine Familiar     Summ           0%         N/A       94%         3
 Portal Projectile        Hex/Tloc       0%         N/A       94%         3
 Corpse Rot               Necr/Pois/Air  0%         N/A       100%        4
 Leda's Liquefaction      Hex/Erth       0%         N/A       100%        4


Dungeon Overview and Level Annotations

Branches:
Dungeon (8/15)             Temple (1/1) D:7
   Lair: D:8-11

Altars:
Ashenzari
Cheibriados
Elyvilon
Gozag
Hepliaklqana
Makhleb
Nemelex Xobeh
Okawaru
Qazlal
Ru
Uskayaw
Vehumet
Wu Jian
Yredelemnul
The Shining One

Shops:
D:1 ?   D:2 [   D:5 *(

Annotations:
D:5 3 runed translucent doors, Barneous's ghost, amateur OpCj; TheSexyCheese's ghost, novice OgBe; gdog's ghost, weakling GnDe; superradish's ghost, weakling DsDe


Innate Abilities, Weirdness & Mutations

You cannot be hasted, slowed, berserked, paralysed or teleported.
You can dig through walls and to a lower floor.
You have a pair of large antennae on your head. (SInv)
Your four strong arms can wield two-handed weapons with a shield.


Message History

The orc shouts!
You hear a shout! x2
You closely miss the orc.
The orc is lightly wounded.
The orc hits you with a +0 dagger.
* * * LOW HITPOINT WARNING * * *
The orc priest calls upon Beogh to heal the orc.
The orc's wounds heal themselves!
You block the orc's attack.
You hear a shout!
You slash the orc!
You kill the orc!
Cheibriados appreciates the change of pace.
You hear a shout!
The orc barely misses you. The orc hits you with a +0 mace.
* * * LOW HITPOINT WARNING * * *
An orc comes into view. It is wielding a +0 falchion.
You closely miss the orc.
The orc priest begins to cast a cantrip, but forgets the words!
The orc hits you but does no damage. You block the orc's attack.
The orc closely misses you. You block the orc's attack.
The orc hits you with a +0 mace.
* * * LOW HITPOINT WARNING * * *
The orc hits you but does no damage. The orc closely misses you.
You hear a shout!
You slash the orc!
You kill the orc!
Cheibriados appreciates the change of pace.
You hear a shout!
The orc hits you but does no damage. You block the orc's attack.
The orc hits you but does no damage. The orc hits you with a +0 mace.
* * * LOW HITPOINT WARNING * * *
You hear a shout! x2
You slash the orc!
You kill the orc!
Cheibriados appreciates the change of pace.
The orc hits you from afar with a +0 trident.
* * * LOW HITPOINT WARNING * * *
You block the orc's attack. The orc hits you but does no damage.
The orc priest mumbles some strange prayers to Beogh against you.
Beogh smites you!
You die...

##. #.# .#### # ##. ....#
.# . #.# ..#.# #.###o#o#
##. ##.#.#.#.#ooo# {{{#.#
..#.#.#..oo8{{ { {##.
#.#.>o#o#o{{ {{{#.#
#.#.#@)### ##########. ..
+#.#o#...#.#.#.#.#.#.#
....#.#.#.....#.#.#.#.#.#+
...+#.#.#.#+#.#.#.#.#.#.#
..#.#.#.#.....#.#.#.#.#'
#...#.#+....#.#.#.#.#..
#...+#.#.....#.#.#.#...
#...#.#.#+#.#.#.#.#.#..
#...'#.#.#.#.#.#.#.#.#+


You could see 2 orc priests and 8 orcs.

Vanquished Creatures
  A hornet (D:7)
  2 ice beasts
  4 orc warriors
  4 ogres
  A centaur (D:9)
  3 phantoms
  A necrophage (D:6)
  2 bullfrogs
  A gnoll sergeant (D:6)
  3 scorpions
  7 wights
  3 killer bees (D:8)
  3 hounds
  2 jellies
  A gnoll bouda (D:6)
  5 orc priests
  Crazy Yiuf (D:2)
  An iguana (D:4)
  4 orc wizards
  Terence (D:2)
  Robin (D:2)
  11 gnolls
  9 river rats (D:6)
  8 adders
  3 white imps
  3 ufetubi
  A worm (D:2)
  34 orcs
  8 endoplasms
  A giant cockroach (D:2)
  13 goblins
  10 hobgoblins
  6 jackals
  3 kobolds
  7 quokkas
  10 ball pythons
  7 bats
  2 frilled lizards (D:2)
  21 rats
208 creatures vanquished.

Vanquished Creatures (others)
  2 plants (D:3)
2 creatures vanquished.

Grand Total: 210 creatures vanquished

Notes
Turn   | Place    | Note
-------+----------+-------------------------------------------
     0 | D:1      | growler the Formicid Fighter began the quest for the Orb.
     0 | D:1      | Reached XP level 1. HP: 18/18 MP: 1/1
    93 | D:1      | Found Xegh's Magic Scroll Shoppe.
   153 | D:1      | Reached XP level 2. HP: 24/24 MP: 2/2
   382 | D:1      | Found a faded altar of an unknown god.
   582 | D:2      | Noticed Terence
   678 | D:2      | Reached skill level 4 in Fighting
   678 | D:2      | Reached XP level 3. HP: 21/30 MP: 3/3
   792 | D:2      | Killed Terence
   793 | D:2      | Reached XP level 4. HP: 21/38 MP: 4/4
   990 | D:2      | Found Etaseul's Armour Shoppe.
  1051 | D:2      | Noticed Robin
  1619 | D:2      | Killed Robin
  1665 | D:2      | Reached XP level 5. HP: 37/43 MP: 5/5
  1879 | D:2      | Found a runed translucent door.
  1880 | D:2      | Noticed Crazy Yiuf
  1893 | D:2      | Killed Crazy Yiuf
  2384 | D:3      | Reached skill level 5 in Fighting
  2798 | D:3      | Reached XP level 6. HP: 44/51 MP: 6/6
  2888 | D:3      | Found a hazy altar of Hepliaklqana.
  3405 | D:4      | Found an opulent altar of Gozag.
  3941 | D:4      | Noticed an ogre
  3959 | D:4      | Killed an ogre
  3960 | D:4      | Reached skill level 6 in Fighting
  3960 | D:4      | Reached skill level 5 in Polearms
  3960 | D:4      | Reached XP level 7. HP: 54/58 MP: 7/7
  4708 | D:5      | Entered Level 5 of the Dungeon
  4730 | D:4      | Reached skill level 7 in Fighting
  4911 | D:5      | Reached XP level 8. HP: 67/67 MP: 8/8
  4977 | D:5      | Found a runed translucent gate.
  4977 | D:5      | Found a runed translucent gate.
  4977 | D:5      | Found a runed translucent gate.
  4977 | D:5      | Noticed superradish's ghost (weakling DsDe)
  4978 | D:5      | Noticed Barneous's ghost (amateur OpCj)
  4978 | D:5      | Noticed superradish's ghost (weakling DsDe)
  4978 | D:5      | Noticed TheSexyCheese's ghost (novice OgBe)
  4978 | D:5      | Noticed gdog's ghost (weakling GnDe)
  5599 | D:5      | Found Dahullenk's General Store.
  5707 | D:5      | Found a hide-covered altar of Uskayaw.
  5767 | D:5      | Found Omylor's Antique Weapon Shoppe.
  6381 | D:6      | Reached skill level 8 in Fighting
  7082 | D:6      | Reached XP level 9. HP: 65/75 MP: 9/9
  7354 | D:6      | Reached skill level 1 in Staves
  7362 | D:6      | Reached skill level 9 in Fighting
  7827 | D:6      | Found a glowing golden altar of the Shining One.
  7958 | D:7      | Found a staircase to the Ecumenical Temple.
  7979 | Temple   | Entered the Ecumenical Temple
  8006 | Temple   | Became a worshipper of Cheibriados the Contemplative
  8657 | D:7      | Reached skill level 1 in Invocations
  8770 | D:7      | Noticed a hornet
  8777 | D:7      | Killed a hornet
  8778 | D:7      | Reached skill level 10 in Fighting
  9672 | D:8      | Reached XP level 10. HP: 13/83 MP: 12/12
  9677 | D:8      | HP: 1/83 [killer bee (8)]
  9687 | D:8      | You fall into a shaft and drop 1 floor!
 10075 | D:9      | Reached skill level 5 in Staves
 10076 | D:9      | Reached * piety under Cheibriados
 10106 | D:9      | Identified the +3 buckler of Makhleb's Condemnation {rN+
                  | Str+3}
 10124 | D:9      | Identified the +7 sling of Causality {freeze, rElec Will+
                  | Dex+3}
 10218 | D:9      | Found the +2 Maxwell's thermic engine {flame, freeze}
 10274 | D:9      | Killed from afar by an orc priest

Illustrated notes

Levels and vault maps discovered:
D:1:      onia_arrival_handbag, layout_rooms, serial_shops, shop_statue,
          ebering_ecumenical_altar_mist, chequers_serial_rivers_large_a
D:2:      layout_basic, serial_shops, shop, minmay_misc_feat_tower,
          uniq_crazy_yiuf_cottage, uniq_terence, uniq_robin
D:3:      layout_rooms, nicolae_hepliaklqana_hazy_memory, kennysheep_path_1,
          chequers_big_river
D:4:      layout_rooms, grunt_gozag_breadcrumbs, kennysheep_generic_room_3
D:5:      lemuel_ice_spiral_2, layout_basic, nicolae_uskayaw_dance_hall,
          serial_shops, shop, nicolae_inconvenience_store,
          gammafunk_ghost_cemetery
D:6:      lemuel_ratsnest, layout_rooms, nicolae_tso_swordbearing_angel
D:7:      layout_basic, minmay_temple_entry_stoned_glass, st_stairs_13
D:8:      layout_gridville, lair_entry_dummy
D:9:      kennysheep_windowed_halls, layout_basic, hiddenorc2_lemuel,
          statue_in_the_mist_lemuel
Temple:   nicolae_temple_ecumenical_triangle

Skill      XL: |  1  2  3  4  5  6  7  8  9 10 |
---------------+-------------------------------+-----
Fighting       | 4 5 6 7 8 10 | 10.7
Polearms       | 3 4 5 6 7 |  7.6
Staves         | 4 5 |  5.5
Invocations    | 3 4 |  4.6
Armour         | |  3.3
Shields        | |  4.0

Action                   |  1- 3 |  4- 6 |  7- 9 | 10-12 || total
-------------------------+-------+-------+-------+-------++-------
Melee: Trident           |    73 |   249 |   252 |       ||   574
       Lajatang          |       |       |   187 |    55 ||   242
Throw: Dart              |       |     4 |    10 |       ||    14
 Abil: Dig               |       |       |     1 |       ||     1
       Shaft Self        |       |       |       |     1 ||     1
  Use: Potion            |       |     2 |     1 |     2 ||     5
       Scroll            |       |     6 |     2 |       ||     8
Armor: Scale mail        |    32 |   135 |   183 |    49 ||   399
Dodge: Dodged            |    21 |   110 |   184 |    43 ||   358
Block: Buckler           |    22 |    66 |   122 |    36 ||   246
